 Dungeon Crawl Stone Soup version 0.29.1-15-g9cfb28693d (webtiles) character file.

Game seed: 5729862233940184641

61 Heoruswealwe the Conjurer (level 3, -2/19 HPs)
             Began as a Deep Elf Conjurer on Mar 18, 2023.
             Slain by a quokka (3 damage)
             ... on level 3 of the Dungeon.
             The game lasted 00:15:52 (1012 turns).

Heoruswealwe the Conjurer (Deep Elf Conjurer)       Turns: 1012, Time: 00:15:53

Health: -2/19      AC:  2    Str:  4    XL:     3   Next: 83%
Magic:  0/11       EV: 12    Int: 30    God:
Gold:   29         SH:  0    Dex: 13    Spells: 8/11 levels left

rFire   . . .      SeeInvis .   a - +0 short sword
rCold   . . .      Faith    .   (no shield)
rNeg    . . .      Spirit   .   b - +0 robe
rPois   .          Reflect  .   (no helmet)
rElec   .          Harm     .   (no cloak)
rCorr   .          Rampage  .   (no gloves)
Will    .....                   (no boots)
Stlth   ++........              (no amulet)
HPRegen 0.06/turn               c - +6 ring of intelligence
MPRegen 0.12/turn               (no ring)

@: no status effects
A: no striking features
a: no special abilities


You were on level 3 of the Dungeon.
You visited 1 branch of the dungeon, and saw 3 of its levels.

You collected 29 gold pieces.

Inventory:

Hand Weapons
 a - a +0 short sword (weapon)
Armour
 b - a +0 robe (worn)
 f - a +2 robe of fire resistance
Jewellery
 c - a +6 ring of intelligence (left hand)
Scrolls
 d - a scroll of identify
 e - 2 scrolls of amnesia {unknown}
 h - a scroll of poison


   Skills:
 - Level 2.4(1.2) Dodging
 - Level 2.4(1.2) Stealth
 + Level 4.6(2.3) Spellcasting
 + Level 5.3(2.6) Conjurations


You had 8 spell levels left.
You knew the following spells:

 Your Spells              Type           Power      Damage    Failure   Level
a - Magic Dart            Conj           76%        1d6       2%          1
b - Searing Ray           Conj           38%        2d5       4%          2

Your spell library contained the following spells:

 Spells                   Type           Power      Damage    Failure   Level
 Dazzling Flash           Conj/Hex       22%        N/A       14%         3
 Fulminant Prism          Conj/Hex       5%         3d7       41%         4
 Iskenderun's Mystic Bla  Conj/Tloc      11%        2d4       41%         4


Dungeon Overview and Level Annotations

Branches:
Dungeon (2/15)

Altars:
Ashenzari

Shops:
D:1 [


Message History

Found 13 gold pieces.
The rat attacks as you move away! The rat barely misses you.
The rat attacks as you move away! The rat bites you.
Found a runed robe.
You hear the slow rusting of a very distant drain.
You see here a +2 robe of fire resistance.
f - a +2 robe of fire resistance The rat bites you.
* * * LOW HITPOINT WARNING * * *
Casting: Magic Dart (safe; 2% risk of failure)
Confirm with . or Enter, or press ? or * to list all spells.
Aiming: Magic Dart (safe; 2% risk of failure)
Press: ? - help, Shift-Dir - straight line, f/p - rat
Aim: a rat (moderately wounded, 100% to hit)
The magic dart hits the rat.
You kill the rat!
Casting: Magic Dart (safe; 2% risk of failure)
Confirm with . or Enter, or press ? or * to list all spells.
Aiming: Magic Dart (safe; 2% risk of failure)
Press: ? - help, Shift-Dir - straight line, f - quokka
Aim: a quokka (100% to hit)
The magic dart hits the quokka.
The quokka is lightly wounded.
The quokka closely misses you.
Found 12 gold pieces.
The quokka bites you but does no damage.
Casting: Magic Dart (safe; 2% risk of failure)
Confirm with . or Enter, or press ? or * to list all spells.
Aiming: Magic Dart (safe; 2% risk of failure)
Press: ? - help, Shift-Dir - straight line, f/p - quokka
Aim: a quokka (lightly wounded, 100% to hit)
The magic dart hits the quokka.
The quokka is heavily wounded.
The quokka bites you.
* * * LOW HITPOINT WARNING * * *
The quokka attacks as you move away! The quokka bites you.
* * * LOW HITPOINT WARNING * * *
The quokka misses you.
You see here 12 gold pieces.
The quokka attacks as you move away! The quokka bites you.
You die...

#.. #.# #.# #.#
... #.# .# #.#
.# #.# #@# .#
#.# #r# .#
###.# #$###.###
...####.......#
#.#.........#.#
#...#####..##
####.#.# #.##
#.....r# #.# #
#.##.#.# #.##


You could see a quokka.

Vanquished Creatures
  An adder (D:3)
  3 dart slugs
  2 ball pythons
  5 bats
  3 endoplasms
  3 giant cockroaches
  4 goblins
  A hobgoblin (D:1)
  7 jackals (D:1)
  4 kobolds
  2 quokkas
  4 frilled lizards
  4 rats
43 creatures vanquished.

Notes
Turn   | Place    | Note
-------+----------+-------------------------------------------
     0 | D:1      | Heoruswealwe the Deep Elf Conjurer began the quest for the
                  | Orb.
     0 | D:1      | Reached XP level 1. HP: 10/10 MP: 6/6
     5 | D:1      | Found Veydouv's Antique Armour Boutique.
    88 | D:1      | Reached XP level 2. HP: 15/15 MP: 1/8
   505 | D:1      | Reached skill level 5 in Conjurations
   505 | D:1      | Reached XP level 3. HP: 18/19 MP: 7/10
   787 | D:1      | Learned a level 2 spell: Searing Ray
   854 | D:2      | You fall into a shaft and drop 1 floor!
   894 | D:3      | Found a faded altar of an unknown god.
   913 | D:3      | Prayed at the altar of an unknown god.
   913 | D:3      | Became a worshipper of Ashenzari the Shackled
   914 | D:3      | Fell from the grace of Ashenzari
  1012 | D:3      | Slain by a quokka

Illustrated notes

Levels and vault maps discovered:
D:1:      dpeg_arrival_orchard, layout_basic, serial_shops, shop
D:2:      layout_basic, minmay_misc_feat_doors
D:3:      layout_loops_ring, portal_sewer_entry_a,
          shapermc_ecumenical_altar_notcrosses, chequers_serial_rivers_small_3,
          minmay_misc_feat_room

Skill      XL: |  1  2 |
---------------+-------+-----
Spellcasting   | 4 |  4.6
Conjurations   | 5 |  5.3
Dodging        | |  2.4
Stealth        | |  2.4

Action                   || total
-------------------------++-------
Melee: Dagger            ||     3
       Short sword       ||     4
 Cast: Magic Dart        ||    83
Invok: Renounce Religion ||     1
  Use: Potion            ||     1
       Scroll            ||     3
Armor: Robe              ||    14
Dodge: Dodged            ||    28
